 Dungeon Crawl Stone Soup version 0.17.2-1-ge4368a0 (webtiles) character file.

28 Goblin1989 the Insei (level 3, 27/29 HPs)
             Began as a Demonspawn Monk on Oct 8, 2016.
             Quit the game on level 3 of the Dungeon.
             The game lasted 00:05:31 (1678 turns).

Goblin1989 the Insei (Demonspawn Monk)              Turns: 1678, Time: 00:05:31

Health: 27/29      AC:  6    Str: 12    XL:     3   Next: 0%
Magic:  3/3        EV: 11    Int: 11    God:
Gold:   54         SH:  0    Dex: 15    Spells: 0 memorised, 2 levels left

rFire  . . .     SeeInvis .       - Unarmed
rCold  . . .     Clarity  .     f - +0 ring mail (curse)
rNeg   . . .     SustAt   .     (no shield)
rPois  .         Gourm    +     (helmet restricted)
rElec  .         Spirit   .     l - +0 cloak
rCorr  .         Warding  .     (no gloves)
rMut   .         Stasis   .     (no boots)
MR     .....                    k - amulet of the gourmand
Stlth  +.........               (no ring)
                                (no ring)

@: not resistant to hostile enchantments, very unstealthy
A: antennae 1, rot immunity
a: no special abilities


You were on level 3 of the Dungeon.
You were not hungry.

You visited 1 branch of the dungeon, and saw 3 of its levels.

You collected 54 gold pieces.

Inventory:

Missiles
 Z - a throwing net (quivered)
Armour
 f - a cursed +0 ring mail (worn)
 l - a +0 cloak (worn)
Jewellery
 k - an amulet of the gourmand (around neck)
 n - an uncursed ring of positive energy {unknown}
Scrolls
 a - a scroll of noise {unknown}
 c - 2 scrolls of remove curse {unknown}
 g - a scroll of random uselessness {unknown}
 h - a scroll of blinking {unknown}
 o - a scroll of teleportation {unknown}
Potions
 d - a potion of lignification {unknown}
 e - 2 potions of heal wounds {unknown}
 j - a potion of curing {unknown}
 m - a potion of flight {unknown}
Books
 p - an Akashic Record

   Spells                             Type                      Level
   a - Dispersal                      Translocation                6
   b - Malign Gateway                 Summoning/Translocation      7
   c - Disjunction                    Translocation                8
   d - Controlled Blink               Translocation                8
Comestibles
 b - a bread ration
 i - 2 slices of pizza


   Skills:
 - Level 3.0 Fighting
 - Level 2.6 Dodging
 - Level 1.7 Stealth
 + Level 4.5 Unarmed Combat


You had 2 spell levels left.
You didn't know any spells.

Dungeon Overview and Level Annotations

Branches:
Dungeon (3/15)

Altars:
Dithmenos
Elyvilon
Sif Muna


Innate Abilities, Weirdness & Mutations

You have a pair of small antennae on your head.
You are immune to rotting.


Message History

A giant newt comes into view.
You hit the giant newt but do no damage.
The giant newt bites you.
You take 1 damage, and have 23/24 hp.
You miss the giant newt. The giant newt completely misses you.
You closely miss the giant newt.
The giant newt bites you but does no damage.
You barely miss the giant newt. The giant newt closely misses you.
You completely miss the giant newt.
The giant newt bites you but does no damage.
You hit the giant newt.
You kill the giant newt!
You have reached level 3!
Your experience leads to an increase in your attributes!
Increase (S)trength, (I)ntelligence, or (D)exterity?
You feel stronger.
Your demonic ancestry asserts itself...
A pair of antennae grows on your head!
You regained 4 hp, and now have 27/29 hp.
MP restored: 3 Are you sure you want to abandon this character and quit the game? (Confirm with "yes".)

ਜਜਜ ਜਜਜਜਜ.ਜ
ਜ.....ਜਜਜਜਜਜਜ
ਜ.ਜਜਜ.ਜ.@†..ਜ
ਜਜਜਜਜਜਜ.ਜਜਜ.ਜ.ਜਜਜ.ਜ
ਜ......<........ਜ
ਜ.ਜਜਜਜਜਜਜਜ....ਜ.ਜ
...........ਜ.ਜ
ਜਜਜਜ.ਜ.......ਜ ਜ
ਜ...ਜਜਜਜਜ ਜ....
ਜ..ਜਜਜ


There were no monsters in sight!

Vanquished Creatures
  An adder (D:2)
  A hobgoblin (D:1)
  6 bats
  A giant newt (D:3)
  4 goblins
  2 jackals (D:1)
  4 kobolds (D:1)
  A rat (D:1)
20 creatures vanquished.

Notes
Turn   | Place    | Note
--------------------------------------------------------------
     0 | D:1      | Goblin1989 the Demonspawn Monk began the quest for the Orb.
     0 | D:1      | Reached XP level 1. HP: 18/18 MP: 1/1
   347 | D:1      | Reached skill level 4 in Unarmed Combat
   353 | D:1      | Gained mutation: You are immune to rotting. [demonic ancestry]
   353 | D:1      | Reached XP level 2. HP: 12/24 MP: 2/2
   850 | D:2      | Found a white marble altar of Elyvilon.
  1110 | D:2      | Found a deep blue altar of Sif Muna.
  1270 | D:2      | Found a shadowy altar of Dithmenos.
  1677 | D:3      | Gained mutation: You have a pair of small antennae on your head. [demonic ancestry]
  1677 | D:3      | Reached XP level 3. HP: 27/29 MP: 3/3
  1678 | D:3      | Quit the game

Action                   || total
-------------------------++-------
Melee: Unarmed           ||    91
  Eat: Chunk             ||     6

Vault maps used:
D:1:      elethiomel_arrival_shortcut
D:2:      lemuel_blue_sif_altar, elyvilon_altar_5, grunt_dithmenos_smoke
D:3:      minmay_door_path, first_bread
